 Dungeon Crawl Stone Soup version 0.31-a0-233-g139696dc86 (webtiles) character file.

Game seed: 10140601015124270690

124574 pokeman the Sorcerer (level 16, -1/92 HPs)
             Began as a Deep Elf Hedge Wizard on July 7, 2023.
             Was the Champion of Vehumet.
             Hit by a silver javelin thrown by a merfolk javelineer (5 damage)
             ... on level 3 of the Shoals on July 8, 2023.
             The game lasted 01:27:44 (23047 turns).

pokeman the Sorcerer (Deep Elf Hedge Wizard)       Turns: 23047, Time: 01:27:44

Health: -1/92      AC:  9    Str:  7    XL:     16   Next: 39%
Magic:  6/45       EV: 18    Int: 28    God:    Vehumet [******]
Gold:   3534       SH:  0    Dex: 18    Spells: 40/62 levels left

rFire   + + .        j - staff of fire
rCold   + + .        o - sphere of Battle
rNeg    + . .        B - +1 robe "Ejimecs" {rC+ Will+ Regen+ Archmagi}
rPois   .            x - +1 helmet
rElec   .            h - scarf {rC+ rF+}
rCorr   +            (no gloves)
SInv    .            e - +2 pair of boots of Submission {rN+ Dex+4}
Will    ++...        i - amulet of magic regeneration
Stlth   ++           g - +5 ring of evasion
HPRegen 1.15/turn    r - ring of resist corrosion
MPRegen 0.69/turn

%: archmagi
@: very slightly contaminated, studying Staves
A: no striking features
a: Renounce Religion


You were on level 3 of the Shoals.
You worshipped Vehumet.
Vehumet was exalted by your worship.
You visited 5 branches of the dungeon, and saw 26 of its levels.

You collected 3534 gold pieces.

Inventory:

Missiles
 U - a throwing net
 W - a curare-tipped dart
Armour
 e - the +2 pair of boots of Submission (worn) {rN+ Dex+4}
   (You acquired it in the Ecumenical Temple)

   Dex:       It affects your dexterity (+4).
   rN:        It protects you from negative energy.
 h - a scarf of resistance (worn)
 m - a +2 ring mail of cold resistance
 o - the sphere of Battle (worn)
   (You took it off an orc knight on level 13 of the Dungeon)

   It enhances your destructive magic.
   It weakens your non-destructive magic.
   It summons a battlesphere in combat, with strength depending on Conjurations
   skill.
 x - a +1 helmet (worn)
 B - the +1 robe "Ejimecs" (worn) {rC+ Will+ Regen+ Archmagi}
   (You found it on level 5 of the Dungeon)

   rC:        It protects you from cold.
   Regen:     It increases your rate of health regeneration.
   Archmagi:  It increases the power of your magical spells.
   Will:      It increases your willpower.
Magical Staves
 j - a staff of fire (weapon)
Jewellery
 c - an amulet of reflection
 g - a +5 ring of evasion (left hand)
 i - an amulet of magic regeneration (around neck)
 r - a ring of resist corrosion (right hand)
 I - a +5 ring of evasion
 Z - a ring of protection from cold
Wands
 a - a wand of paralysis (5)
 G - a wand of light (13)
 Q - a wand of roots (30)
 T - a wand of polymorph (13)
Scrolls
 f - a scroll of enchant armour
 k - a scroll of brand weapon
 l - a scroll of enchant weapon
 n - 10 scrolls of teleportation
 X - 2 scrolls of blinking
Potions
 b - 11 potions of curing
 d - 4 potions of magic
 v - a potion of might
 w - 3 potions of cancellation
 A - 2 potions of attraction
 E - 2 potions of mutation
 H - 2 potions of lignification {unknown}
 K - 2 potions of invisibility {unknown}
 L - 9 potions of ambrosia
 M - 4 potions of heal wounds
Miscellaneous
 z - a piece from Xom's chessboard (15/15)


   Skills:
 + Level 7.4 Fighting
 - Level 7.0 Armour
 - Level 3.0 Dodging
 - Level 3.0 Stealth
 - Level 5.0 Shields
 * Level 23.9 Spellcasting
 + Level 14.8 Conjurations
 - Level 4.2 Summonings
 - Level 1.0 Necromancy
 - Level 1.1 Translocations
 - Level 1.0 Transmutations
 + Level 13.8 Fire Magic
 - Level 1.0 Air Magic
 - Level 1.0 Earth Magic
 - Level 1.0 Poison Magic
 - Level 2.0 Evocations


You had 40 spell levels left.
You knew the following spells:

 Your Spells              Type           Power      Damage    Failure   Level
a - Magic Dart            Conj           100%       1d8       0%          1
b - Mephitic Cloud        Conj/Pois/Air  98%        N/A       1%          3
c - Call Imp              Summ           100%       N/A       1%          2
d - Blink                 Tloc           78%        N/A       1%          2
e - Foxfire               Conj/Fire      100%       2x1d9     0%          1
f - Fireball              Conj/Fire      78%        3d29      1%          5
g - Stone Arrow           Conj/Erth      100%       3d13      1%          3
h - Irradiate             Conj/Tmut      54%        3d29      1%          5

Your spell library contained the following spells:

 Spells                   Type           Power      Damage    Failure   Level
 Plasma Beam              Fire/Air       65%        2x1d81    1%          6
 Scorch                   Fire           100%       2d9       0%          2
 Searing Ray              Conj           100%       2d8       0%          2
 Beastly Appendage        Tmut           78%        N/A       1%          1
 Sandblast                Erth           100%       2d20      1%          1
 Slow                     Hex            100%       N/A       1%          1
 Cigotuvi's Dreadful Rot  Necr/Pois/Air  78%        N/A       1%          2
 Lesser Beckoning         Tloc           78%        N/A       1%          2
 Momentum Strike          Conj/Tloc      100%       3d10      1%          2
 Passwall                 Tmut/Erth      32%        N/A       1%          2
 Wereblood                Tmut           39%        N/A       1%          2
 Call Canine Familiar     Summ           55%        N/A       1%          3
 Frozen Ramparts          Ice            100%       1d16      1%          3
 Inner Flame              Hex/Fire       100%       N/A       1%          3
 Vhi's Electric Charge    Tloc/Air       78%        N/A       1%          3
 Flame Wave               Conj/Fire      100%       2d21      1%          4
 Fulminant Prism          Conj/Hex       53%        3d23      1%          4
 Sticky Flame             Conj/Fire      100%       2d11      1%          4
 Arcjolt                  Conj/Air       54%        1d64      1%          5
 Portal Projectile        Hex/Tloc       72%        N/A       2%          3
 Summon Ice Beast         Ice/Summ       45%        N/A       4%          4
 Ice Form                 Ice/Tmut       36%        N/A       8%          4
 Leda's Liquefaction      Hex/Erth       18%        N/A       8%          4
 Summon Cactus Giant      Summ           27%        N/A       26%         6
 Statue Form              Tmut/Erth      26%        N/A       67%         6
 Dragon Form              Tmut           19%        N/A       99%         7
 Maxwell's Capacitive Co  Air            36%        ∞         100%        8


Dungeon Overview and Level Annotations

Branches:
Dungeon (15/15)            Temple (1/1) D:4            Lair (5/5) D:11
 Shoals (2/4) Lair:2       Spider (0/4) Lair:3        Slime (0/5) Lair:5
    Orc (2/2) D:9             Elf (0/3) Orc:2        Vaults (0/5) D:13
 Depths: D:15

Altars:
Ashenzari
Cheibriados
Dithmenos
Elyvilon
Fedhas
Gozag
Hepliaklqana
Kikubaaqudgha
Makhleb
Nemelex Xobeh
Okawaru
Sif Muna
Trog
Uskayaw
Vehumet
Xom
Zin
The Shining One

Shops:
D:2 [   D:13 (   Orc:2 *:[(   Shoals:1 =

Annotations:
Lair:5 3 runed translucent doors, innerfire43's ghost, journeyman DsMo
Shoals:2 Polyphemus


Message History

The silver javelin pierces through you!
* * * LOW HITPOINT WARNING * * *
x2 Unknown command.
Unknown command.
Casting: Fireball (safe; 1% risk of failure)
Confirm with . or Enter, or press ? or * to list all spells.
Aiming: Fireball (safe; 1% risk of failure)
Press: ? - help, Shift-Dir - straight line, f - merfolk
Aim: a merfolk, wielding a +0 trident (almost dead, ally target)
You feel a huge surge of power!
The fireball explodes!
The fireball engulfs the merfolk!!!
You kill the merfolk!
Vehumet accepts your kill.
You feel your power returning.
The fireball engulfs the snapping turtle!
The snapping turtle is moderately wounded.
You hear an angry hiss.
The merfolk javelineer throws a silver javelin.
The silver javelin pierces through you!
* * * LOW HITPOINT WARNING * * *
x2 Unknown command.
Unknown command.
The merfolk javelineer throws a silver javelin.
The silver javelin barely misses you.
You see here a +0 trident.
Casting: Fireball (safe; 1% risk of failure)
Confirm with . or Enter, or press ? or * to list all spells.
Aiming: Mephitic Cloud (safe; 1% risk of failure)
Press: ? - help, Shift-Dir - straight line, f - snapping turtle
Aim: a snapping turtle (moderately wounded, chance to affect: 53%)
You feel a strong surge of power!
The ball explodes into a vile cloud!
The stinking cloud engulfs the snapping turtle but does no damage.
The snapping turtle is moderately wounded.
Your battlesphere fires!
The barrage of energy hits the snapping turtle!!
The snapping turtle is heavily wounded.
The merfolk javelineer throws a silver javelin.
The silver javelin pierces through you!
* * * LOW HITPOINT WARNING * * *
You die...

##.......)~~~~.~~
#...~....†m~~~~~~
.....#).~)~~~~~≈
#....~~~~≈≈≈≈≈
###).~~~~~~≈≈≈
#l§~~~~~~~~≈
##t☼~~~~~~.~~
#*§☼~~~~~~.~~
#@.~~~~~~~...
#..~~~~~~~~...
.§†~~~~~~~.....
~~.~§~~~~.~~~...
~~~~....~~...#[..
~~~....~~~.~##..
~~~.....~~~..
~~~~.~....~~..


You could see a skyshark (ally target), a merfolk javelineer, a snapping turtle
and a friendly battlesphere.

Vanquished Creatures
  Rupert (D:12)
  Kirke (D:13)
  Aizul (Shoals:1)
  An orc warlord (Orc:2)
  A merfolk javelineer (Shoals:2)
  A merfolk impaler (Shoals:1)
  6 hydras
  2 ogre magi
  Erolcha (Orc:1)
  5 centaur warriors (D:13)
  Erica (D:11)
  An alligator snapping turtle (Shoals:1)
  4 catoblepae
  2 death knights (D:14)
  2 dancing weapons (D:13)
  7 boulder beetles
  2 tengu warriors
  7 death yaks (Lair:5)
  5 two-headed ogres
  A satyr (Shoals:1)
  4 orc high priests (Orc:2)
  8 sea snakes
  4 skysharks
  2 lindwurms
  A phantasmal warrior (D:13)
  3 orc knights
  A wolf spider (D:12)
  3 deep elf pyromancers
  4 harpies (Shoals:2)
  6 orc sorcerers
  12 manticores
  11 cyclopes
  7 fauns
  8 ugly things
  3 merfolk sirens
  14 elephants
  5 black mambas
  Maurice (D:13)
  13 cane toads
  A cane toad (shapeshifter) (D:14)
  6 rime drakes
  A kobold demonologist (D:13)
  8 komodo dragons
  A rime drake (shapeshifter) (D:13)
  6 freezing wraiths
  An efreet (D:14)
  A tengu conjurer (D:13)
  A troll (shapeshifter) (D:13)
  A meliai (Lair:3)
  A queen bee (Lair:1)
  7 trolls
  A hornet (D:10)
  4 polar bears
  8 merfolk
  17 blink frogs
  2 wind drakes
  7 snapping turtles
  8 dream sheep
  13 slime creatures
  2 shadows
  3 water elementals
  6 wyverns
  6 wraiths
  69 yaks
  5 basilisks
  5 steam dragons
  4 swamp worms (Lair:3)
  14 vampire mosquitoes
  5 wargs
  4 acid dragons
  11 water moccasins
  2 ice beasts (D:7)
  27 orc warriors
  10 ogres
  3 black bears
  3 sky beasts
  18 wolves
  A boggart (D:13)
  15 centaurs
  3 kobold brigands
  5 gnoll sergeants
  4 scorpions (D:6)
  10 bullfrogs
  8 wights
  33 killer bees
  4 howler monkeys
  2 electric eels
  A hound (D:5)
  4 gnoll boudas
  6 jellies
  10 orc priests
  6 iguanas
  2 sleepcaps
  Natasha (thrice) (D:2)
  16 orc wizards
  5 hell rats (Lair:4)
  Robin (D:2)
  4 adders
  36 gnolls
  A shadow imp (D:5)
  A white imp (D:5)
  An ufetubus (D:7)
  2 worms
  A dart slug (D:5)
  56 orcs
  5 bats
  6 endoplasms
  2 giant cockroaches
  8 goblins
  4 hobgoblins (D:2)
  2 quokkas
  4 ball pythons (D:4)
  4 frilled lizards
  13 kobolds
  7 rats
750 creatures vanquished.

Vanquished Creatures (collateral kills)
  An orc warrior (D:9)
  A bullfrog (D:9)
  A gnoll (D:5)
  5 orcs (D:9)
  A hobgoblin (D:4)
  19 foxfires
28 creatures vanquished.

Vanquished Creatures (others)
  A sky beast (D:8)
  A scorpion (D:4)
  A killer bee (Lair:1)
  An iguana (D:4)
  A dart slug (D:4)
  2 orcs (D:4)
  2 endoplasms (D:4)
  2 jackals (D:4)
  4 kobolds
  842 foxfires
857 creatures vanquished.

Grand Total: 1635 creatures vanquished

Notes
Turn   | Place    | Note
-------+----------+-------------------------------------------
     0 | D:1      | pokeman the Deep Elf Hedge Wizard began the quest for the
                  | Orb.
     0 | D:1      | Reached XP level 1. HP: 10/10 MP: 7/7
   489 | D:1      | Reached XP level 2. HP: 15/15 MP: 7/9
   737 | D:1      | Reached skill level 5 in Spellcasting
  1089 | D:2      | Found a faded altar of an unknown god.
  1123 | D:2      | Found Keimaung's Antique Armour Boutique.
  1152 | D:2      | Noticed Robin
  1155 | D:2      | Reached XP level 3. HP: 14/20 MP: 8/11
  1234 | D:1      | Learned a level 3 spell: Mephitic Cloud
  1237 | D:1      | Learned a level 2 spell: Call Imp
  1240 | D:1      | Learned a level 2 spell: Blink
  1253 | D:2      | Killed Robin
  1281 | D:2      | Reached skill level 1 in Fighting
  1310 | D:2      | Reached skill level 1 in Armour
  1427 | D:2      | Noticed Natasha
  1449 | D:2      | Killed Natasha
  1450 | D:2      | Reached XP level 4. HP: 15/25 MP: 9/13
  1688 | D:2      | Noticed Natasha
  1700 | D:2      | Killed Natasha
  1883 | D:2      | Noticed Natasha
  1895 | D:2      | Killed Natasha
  1896 | D:2      | Reached skill level 6 in Spellcasting
  2085 | D:3      | Reached XP level 5. HP: 18/29 MP: 11/15
  2177 | D:3      | Found a hide-covered altar of Uskayaw.
  2237 | D:3      | Reached skill level 1 in Air Magic
  2237 | D:3      | Reached skill level 1 in Poison Magic
  2290 | D:3      | Reached XP level 6. HP: 27/34 MP: 12/17
  2949 | D:4      | Found a shimmering altar of Xom.
  2961 | D:4      | Reached skill level 7 in Spellcasting
  2996 | D:4      | Found a glowing golden altar of the Shining One.
  3049 | D:4      | Found a radiant altar of Vehumet.
  3057 | D:4      | Became a worshipper of Vehumet
  3092 | D:4      | Identified the +0 robe of Vejaf {+Inv rF+ Str-4 Dex+2}
  3132 | D:4      | Found an opulent altar of Gozag.
  3225 | D:4      | Found a white marble altar of Elyvilon.
  3456 | D:4      | Found a staircase to the Ecumenical Temple.
  3464 | D:4      | Reached XP level 7. HP: 33/39 MP: 20/20
  3644 | D:5      | Entered Level 5 of the Dungeon
  3667 | D:5      | Found a broken altar of Ashenzari.
  3876 | D:5      | Identified the +1 robe "Ejimecs" {rC+ Will+ Regen+
                  | Archmagi}
  4016 | D:5      | Found a burning altar of Makhleb.
  4016 | D:5      | Noticed a balrug
  4051 | D:5      | Reached skill level 8 in Spellcasting
  4074 | D:5      | Found a snail-covered altar of Cheibriados.
  4115 | D:5      | Found a blossoming altar of Fedhas.
  4462 | D:5      | Found a sparkling altar of Nemelex Xobeh.
  4525 | D:5      | Noticed a wyvern
  4542 | D:5      | Killed a wyvern
  4543 | D:5      | Reached XP level 8. HP: 44/44 MP: 14/22
  4598 | D:5      | Reached skill level 9 in Spellcasting
  4895 | D:6      | Found a shadowy altar of Dithmenos.
  4997 | D:6      | Reached skill level 5 in Conjurations
  4997 | D:6      | Reached skill level 1 in Evocations
  5093 | D:6      | Reached * piety under Vehumet
  5093 | D:6      | Offered knowledge of Foxfire by Vehumet.
  5096 | D:6      | Learned a level 1 spell: Foxfire
  5107 | D:6      | You fall into a shaft and drop 1 floor!
  5147 | D:7      | Found an ancient bone altar of Kikubaaqudgha.
  5187 | D:7      | Reached skill level 10 in Spellcasting
  5189 | D:7      | Reached skill level 1 in Fire Magic
  5258 | D:7      | Reached XP level 9. HP: 48/48 MP: 21/25
  5328 | D:7      | Learned a level 3 spell: Stone Arrow
  5504 | D:6      | Reached skill level 11 in Spellcasting
  5504 | D:6      | Reached skill level 1 in Earth Magic
  6454 | D:8      | Reached skill level 12 in Spellcasting
  6524 | D:8      | Reached ** piety under Vehumet
  6524 | D:8      | Offered knowledge of Kiss of Death by Vehumet.
  6551 | D:8      | Reached skill level 1 in Shields
  6588 | D:8      | Reached XP level 10. HP: 54/56 MP: 24/28
  7038 | D:8      | Found a glowing silver altar of Zin.
  7091 | D:8      | Found an iron altar of Okawaru.
  7596 | D:9      | Found a staircase to the Orcish Mines.
  7655 | D:9      | Reached skill level 13 in Spellcasting
  7739 | D:9      | Reached skill level 5 in Fire Magic
  7742 | D:9      | Offered knowledge of Volatile Blastmotes by Vehumet.
  7935 | D:9      | Reached *** piety under Vehumet
  8393 | D:10     | Entered Level 10 of the Dungeon
  8403 | D:10     | Offered knowledge of Flame Wave by Vehumet.
  8405 | D:10     | Reached skill level 14 in Spellcasting
  8835 | D:10     | Found a shimmering blue altar of Sif Muna.
  8859 | D:10     | Reached XP level 11. HP: 60/60 MP: 17/31
  9370 | D:11     | Noticed a brown ugly thing
  9388 | D:11     | Killed a brown ugly thing
  9444 | D:11     | Reached skill level 15 in Spellcasting
  9561 | D:11     | Noticed Erica
  9570 | D:11     | Killed Erica
  9684 | D:11     | Reached **** piety under Vehumet
  9718 | D:11     | Offered knowledge of Inner Flame by Vehumet.
  9788 | D:11     | Identified 2 scrolls of acquirement
  9824 | D:11     | Found a staircase to the Lair.
 10355 | Temple   | Entered the Ecumenical Temple
 10379 | Temple   | Acquired the +2 pair of boots of Submission {rN+ Dex+4}
 10380 | Temple   | Acquired 1169 gold pieces
 10658 | D:12     | Noticed an eight-headed hydra
 10678 | D:12     | Killed an eight-headed hydra
 10816 | D:12     | Reached skill level 16 in Spellcasting
 10947 | D:12     | Noticed a boulder beetle
 10952 | D:12     | Killed a boulder beetle
 10953 | D:12     | Reached XP level 12. HP: 66/66 MP: 27/34
 10993 | D:12     | Noticed a tengu warrior
 11011 | D:12     | Killed a tengu warrior
 11256 | D:12     | Reached skill level 10 in Conjurations
 11444 | D:12     | Noticed a boulder beetle
 11460 | D:12     | Killed a boulder beetle
 11461 | D:12     | Reached skill level 17 in Spellcasting
 11566 | D:12     | Reached ***** piety under Vehumet
 11597 | D:12     | Noticed a two-headed ogre
 11600 | D:12     | Killed a two-headed ogre
 11641 | D:12     | Noticed a boulder beetle
 11651 | D:12     | Killed a boulder beetle
 11663 | D:12     | Offered knowledge of Sticky Flame by Vehumet.
 11680 | D:12     | Reached skill level 5 in Fighting
 11727 | D:12     | Noticed Rupert
 11757 | D:12     | Killed Rupert
 11963 | D:12     | Noticed an ogre mage
 11969 | D:12     | Killed an ogre mage
 12042 | D:13     | Noticed a tengu warrior
 12090 | D:13     | Noticed a centaur warrior
 12107 | D:13     | Killed a centaur warrior
 12108 | D:13     | Reached skill level 18 in Spellcasting
 12115 | D:13     | Killed a tengu warrior
 12312 | D:13     | Noticed Kirke
 12335 | D:13     | Killed Kirke
 12336 | D:13     | Reached XP level 13. HP: 72/72 MP: 13/37
 12479 | D:13     | Reached skill level 5 in Armour
 12652 | D:13     | Reached skill level 10 in Fire Magic
 12799 | D:13     | Reached skill level 19 in Spellcasting
 12824 | D:13     | Found a blossoming altar of Fedhas.
 13099 | D:13     | Found Kokoleu's Weapon Shoppe.
 13202 | D:13     | Noticed Maurice
 13207 | D:13     | Killed Maurice
 13360 | D:13     | Reached skill level 5 in Shields
 13721 | D:13     | Found a gate to the Vaults.
 14113 | D:14     | Reached skill level 20 in Spellcasting
 14119 | D:14     | Reached XP level 14. HP: 78/78 MP: 14/40
 14729 | D:15     | Entered Level 15 of the Dungeon
 14905 | Lair:1   | Entered Level 1 of the Lair of Beasts
 15117 | Lair:1   | Offered knowledge of Yara's Violent Unravelling by Vehumet.
 16239 | Lair:2   | Reached skill level 21 in Spellcasting
 16280 | Lair:2   | Found a staircase to the Shoals.
 17098 | Lair:3   | Found a transporter.
 17126 | Lair:3   | Found a transporter.
 17176 | Lair:3   | Reached ****** piety under Vehumet
 17306 | Lair:3   | Found a hole to the Spider Nest.
 17495 | Lair:3   | Offered knowledge of Fireball by Vehumet.
 17502 | Lair:3   | Learned a level 5 spell: Fireball
 18074 | Lair:4   | Reached XP level 15. HP: 84/84 MP: 36/42
 18091 | Lair:4   | Reached skill level 1 in Necromancy
 19101 | D:10     | Got Sif Muna's Monograph on Shapeshifting
 19640 | Lair:5   | Entered Level 5 of the Lair of Beasts
 19649 | Lair:5   | Offered knowledge of Eringya's Noxious Bog by Vehumet.
 19651 | Lair:5   | Reached skill level 22 in Spellcasting
 19894 | Lair:5   | Found a staircase to the Slime Pits.
 19901 | Lair:5   | Noticed innerfire43's ghost (journeyman DsMo)
 19931 | Lair:5   | Found a runed translucent gate.
 19931 | Lair:5   | Found a runed translucent gate.
 19940 | Lair:5   | Found a runed translucent gate.
 20270 | Lair:5   | Got the Lessons on Configuration
 20733 | Orc:1    | Entered Level 1 of the Orcish Mines
 20775 | Orc:1    | Noticed Erolcha
 20777 | Orc:1    | Killed Erolcha
 20779 | Orc:1    | Offered knowledge of Irradiate by Vehumet.
 20955 | Orc:1    | Learned a level 5 spell: Irradiate
 20967 | Orc:2    | Entered Level 2 of the Orcish Mines
 20986 | Orc:2    | Reached skill level 1 in Transmutations
 20999 | Orc:2    | Reached skill level 23 in Spellcasting
 21233 | Orc:2    | Found Kaedefru's General Store.
 21443 | Orc:2    | Found Jain's Book Emporium.
 21516 | Orc:2    | Found Ahixt's Antique Armour Emporium.
 21572 | Orc:2    | Found Zufed's Antique Weapon Boutique.
 21579 | Orc:2    | Found a staircase to the Elven Halls.
 22035 | Shoals:1 | Entered Level 1 of the Shoals
 22165 | Shoals:1 | Reached XP level 16. HP: 90/90 MP: 30/45
 22318 | Shoals:1 | Noticed Aizul
 22323 | Shoals:1 | Killed Aizul
 22382 | Shoals:1 | Offered knowledge of Plasma Beam by Vehumet.
 22444 | Shoals:1 | Found Kagreschia's Jewellery Shoppe.
 23010 | Shoals:2 | Noticed Polyphemus
 23017 | Shoals:2 | You fall into a shaft and drop 1 floor!
 23047 | Shoals:3 | HP: 4/92 [merfolk javelineer/silver javelin (13)]
 23047 | Shoals:3 | Hit by a silver javelin thrown by a merfolk javelineer

Illustrated notes

Levels and vault maps discovered:
D:1:      lemuel_arrival_hallway, layout_loops_corners, kennysheep_minor_cross,
          minmay_crystal_room
D:2:      layout_loops_ring, ebering_ecumenical_altar_hall, serial_shops, shop,
          st_stairs_11, uniq_robin, uniq_natasha
D:3:      layout_loops_corners, nicolae_uskayaw_suspiria, st_stairs_1,
          minivault_23, minmay_misc_feat_encased
D:4:      black_bear_nest_2, layout_loops_ring, elyvilon_altar_3,
          nicolae_overflow_crystal_walls, mainiacjoe_overflow_alcove_2,
          xom_confusion_cloud, grunt_gozag_statues,
          minmay_temple_entry_proselytizer, item_on_display_b
D:5:      layout_gridville, kennysheep_little_box, makhleb_altar_promises_db,
          kennysheep_slug_shrine, kennysheep_mini, lemuel_doored_altar,
          serial_glass, glass_columns_a, glass_columns_a,
          chequers_serial_rivers_large_b
D:6:      layout_loops_ring, mainiacjoe_overflow_alcove_4
D:7:      layout_rooms, mainiacjoe_overflow_paths
D:8:      layout_cave_pods, hellmonk_okawaru_the_only_friend_you_need,
          zin_scriptorium
D:9:      layout_loops_ring, david_orc_5
D:10:     layout_gridville, nicolae_sif_muna_little_library,
          kennysheep_generic_room_7
D:11:     minmay_angry_zag, layout_rooms, lair_entry_dummy, uniq_erica
D:12:     layout_stronghold, nicolae_doodle_vault, uniq_rupert
D:13:     hangedman_cross_cluster, layout_stronghold, erik_vaults_1,
          serial_shops, nicolae_shop_bloodbath_and_beyond, uniq_kirke,
          uniq_maurice
D:14:     layout_big_octagon, hangedman_decor_opposing
D:15:     hangedman_depths_entry_civil_slaughter, layout_small_grid,
          minmay_misc_feat_tower, uniq_jorgrun
Temple:   nicolae_temple_superstar
Lair:1:   layout_cave_pods, special_room [special_room_bee],
          grunt_forest_small_clearings, eino_small_chamber_without_monster,
          grunt_megastairs_2
Lair:2:   layout_roguey, minmay_shoals_entry_centaurs, fungi_pond_lemuel,
          infiniplex_staircase_pool_2
Lair:3:   gammafunk_worm_tunnel, layout_misc_corridors,
          hellmonk_spider_entry_not_the_bees, grunt_forest_large_clearings,
          grunt_megastairs_3
Lair:4:   layout_cave_shapes, grunt_megastairs_1
Lair:5:   evilmike_catoblepas_cave, layout_cave_shapes,
          nicolae_slime_entry_slimehenge, gammafunk_ghost_split
Shoals:1: cheibrodos_shoals_oceanic_diplomacy, layout_shoals, serial_shops,
          nicolae_shop_stone, uniq_aizul
Shoals:2: layout_shoals, uniq_polyphemus
Shoals:3: layout_shoals
Orc:1:    layout_caves, uniq_erolcha
Orc:2:    grunt_orc_gardens, layout_diamond_mine, grunt_orc_garden,
          grunt_orc_garden, grunt_orc_garden, grunt_orc_garden

Skill      XL: |  1  2  3  4  5  6  7  8  9 10 11 12 13 14 15 16 |
---------------+-------------------------------------------------+-----
Spellcasting   | 5 6 7 8 10 12 14 16 18 20 21 23 | 23.9
Fighting       | 1 2 3 5 6 7 |  7.4
Armour         | 1 3 4 5 6 7 |  7.0
Conjurations   | 2 3 4 5 7 8 9 11 12 13 14 | 14.8
Dodging        | 3 |  3.0
Stealth        | 3 |  3.0
Air Magic      | 1 |  1.0
Poison Magic   | 1 |  1.0
Summonings     | 2 3 4 |  4.2
Evocations     | 2 |  2.0
Fire Magic     | 1 4 6 8 9 10 12 13 | 13.8
Earth Magic    | 1 |  1.0
Shields        | 1 3 4 5 |  5.0
Necromancy     | 1 |  1.0
Transmutations | 1 |  1.0
Translocations | |  1.1

Action                     |  1- 3 |  4- 6 |  7- 9 | 10-12 | 13-15 | 16-18 || total
---------------------------+-------+-------+-------+-------+-------+-------++-------
  Melee: Dagger            |    14 |    51 |    59 |   178 |    29 |       ||   331
         Spear             |       |       |    36 |       |       |       ||    36
         Punch             |       |       |     2 |     3 |       |       ||     5
         Falchion          |       |       |    13 |     5 |       |       ||    18
         Staff             |       |       |       |       |     1 |       ||     1
   Cast: Magic Dart        |    74 |    86 |    93 |    11 |    51 |       ||   315
         Mephitic Cloud    |     2 |     9 |    23 |    59 |    42 |     3 ||   138
         Call Imp          |       |     1 |     2 |     5 |     1 |       ||     9
         Foxfire           |       |       |   174 |   162 |   142 |     3 ||   481
         Blink             |       |       |     1 |     7 |     5 |     1 ||    14
         Stone Arrow       |       |       |       |   236 |   279 |       ||   515
         Fireball          |       |       |       |       |   179 |    66 ||   245
         Irradiate         |       |       |       |       |       |     1 ||     1
  Evoke: Wand              |       |       |       |       |     5 |       ||     5
    Use: Scroll            |       |       |       |    14 |    11 |     1 ||    26
         Potion            |       |       |       |       |     1 |     1 ||     2
   Stab: Confused          |     2 |    10 |    15 |    11 |     4 |       ||    42
 Armour: Robe              |     1 |     7 |    10 |    42 |    26 |     5 ||    91
  Dodge: Dodged            |    23 |    48 |    93 |   242 |   148 |    17 ||   571

Table legend: (Time is in decaauts)
 A = Elapsed time spent in this place.
 B = Non-inter-level travel time spent in this place.
 C = Inter-level travel time spent in this place.
 D = Time resting spent in this place.
 E = Time spent auto-exploring this place.
 F = Levels seen in this place.
 G = Mean time per level.
                   A        B        C        D        E       F      G
               +--------+--------+--------+--------+--------+-----+--------+
         Total |  23206 |  20283 |   2923 |    626 |  15166 |  26 |  892.5 |
       Dungeon |  16352 |  14103 |   2249 |    404 |  10433 |  15 | 1090.1 |
        Temple |     63 |     56 |      7 |      0 |      0 |   1 |   63.0 |
          Lair |   4612 |   4060 |    552 |     84 |   3183 |   5 |  922.4 |
        Shoals |   1066 |   1057 |      9 |     61 |    790 |   3 |  355.3 |
  Orcish Mines |   1112 |   1008 |    104 |     77 |    759 |   2 |  556.0 |
               +--------+--------+--------+--------+--------+-----+--------+

Top non-repeatable levels by time:
    D:13: 1884 daAuts
     D:5: 1655 daAuts
    D:12: 1598 daAuts
    D:11: 1371 daAuts
     D:8: 1286 daAuts
     D:9: 1196 daAuts
  Lair:1: 1144 daAuts
     D:1: 1088 daAuts
     D:6: 1078 daAuts
  Lair:2: 1028 daAuts
    D:10: 1009 daAuts
     D:3: 987 daAuts
  Lair:3: 983 daAuts
Shoals:1: 964 daAuts
  Lair:5: 847 daAuts
